 Dungeon Crawl Stone Soup version 0.28-a0-1159-g27aa881441 (webtiles) character file.

Game seed: 16810841650626620214

84 lonewolfV2 the Ruffian (level 4, -3/45 HPs)
             Began as a Troll Berserker on Dec 15, 2021.
             Was a Follower of Trog.
             Killed by divine providence
             ... invoked by an orc priest
              (14 damage)
             ... on level 3 of the Dungeon.
             The game lasted 00:00:45 (437 turns).

lonewolfV2 the Ruffian (Troll Berserker)             Turns: 437, Time: 00:00:46

Health: -3/45      AC:  4    Str: 27    XL:     4   Next: 23%
Magic:  3/3        EV: 10    Int:  3    God:    Trog [*.....]
Gold:   27         SH:  0    Dex:  9    Spells: 3/3 levels left

rFire   . . .      SeeInvis .     - Unarmed
rCold   . . .      Faith    .   (no shield)
rNeg    . . .      Spirit   .   a - +0 animal skin
rPois   .          Reflect  .   (helmet restricted)
rElec   .          Harm     .   (no cloak)
rCorr   .          Rampage  .   (gloves unavailable)
Will    .....                   (boots unavailable)
Stlth   +.........              (no amulet)
HPRegen 0.95/turn               (no ring)
MPRegen 0.08/turn               (no ring)

@: confused
A: large, unfitting armour, claws 3, regeneration 1, shaggy fur 1, tough skin 1
a: Renounce Religion, Berserk


You were on level 3 of the Dungeon.
You worshipped Trog.
Trog was aware of your devotion.
You visited 1 branch of the dungeon, and saw 3 of its levels.

You collected 27 gold pieces.

Inventory:

Armour
 a - a +0 animal skin (worn)
Scrolls
 c - a scroll of teleportation {unknown}
Potions
 b - a potion of heal wounds {unknown}
 d - a potion of mutation {unknown}


   Skills:
 + Level 3.2 Fighting
 + Level 3.1 Dodging
 + Level 3.6 Unarmed Combat


You had 3 spell levels left.
You didn't know any spells.
Your spell library was empty.

Dungeon Overview and Level Annotations

Branches:
Dungeon (3/15)

Altars:


Innate Abilities, Weirdness & Mutations

You are too large for most types of armour.
You have claws for hands.
Your natural rate of healing is unusually fast.
You are covered in fur. (AC +1)
You have tough skin. (AC +1)


Message History

Trog accepts your kill.
The orc priest looks encouraged for a moment.
The orc priest hits you with a +2 dagger of speed.
Things that are here:
a +0 dagger; a goblin corpse You scratch the orc priest.
The orc priest is lightly wounded.
The orc priest invokes the aid of Beogh against you.
Beogh smites you!
You scratch the orc priest.
The orc priest is heavily wounded.
The orc priest hits you with a +2 dagger of speed.
The orc wizard gestures wildly while chanting.
The orc wizard flickers and vanishes!
Deactivating autopickup; reactivate with Ctrl-A.
You claw the orc!
You kill the orc!
Trog accepts your kill.
You barely miss something.
The orc priest mumbles some strange prayers to Beogh against you.
Beogh smites you!
* * * LOW HITPOINT WARNING * * *
Something hits you but does no damage.
You barely miss something.
The orc priest invokes the aid of Beogh against you.
Something writhes in agony!
You closely miss something.
You hear some strange, mumbled words.
You are confused.
You bump into the rock wall.
Something hits you.
* * * LOW HITPOINT WARNING * * *
You bump into the rock wall.
Something hits you but does no damage.
You closely miss something. Something hits you but does no damage.
You bump into the rock wall.
Something hits you but does no damage.
You're too confused to move!
You hear some strange, mumbled words.
You are more confused.
The orc priest mumbles some strange prayers to Beogh against you.
Beogh smites you!
You die...

####### #...... .......
#.....! .#.. #......
#####.... #......
#........
#......#########......#
......o{@..........<..#
#......###.....#......#
#........ #.....#......#
###....####
#####..#......# ......+
...............#
#....###########........#
#.......#...............#
#.....#.#.#######.####..#
#.....#.#.# #..........#


You could see an orc priest.

Vanquished Creatures
  An orc priest (D:3)
  A hound zombie (D:3)
  2 adders (D:3)
  5 orcs
  2 endoplasms
  A goblin (D:3)
  4 hobgoblins
  A rat (D:3)
17 creatures vanquished.

Notes
Turn   | Place    | Note
-------+----------+-------------------------------------------
     0 | D:1      | lonewolfV2 the Troll Berserker began the quest for the Orb.
     0 | D:1      | Reached XP level 1. HP: 22/22 MP: 0/0
    23 | D:1      | You fall into a shaft and drop 1 floor!
    82 | D:2      | Reached XP level 2. HP: 11/29 MP: 1/1
   361 | D:3      | Reached XP level 3. HP: 26/36 MP: 2/2
   419 | D:3      | Reached XP level 4. HP: 45/45 MP: 3/3
   437 | D:3      | Killed from afar by an orc priest

Illustrated notes

Levels and vault maps discovered:
D:1:      minmay_arrival_four_circles, layout_basic,
          shapermc_ecumenical_altar_rom_forum, minivault_23, minmay_hexomino_c4
D:2:      layout_rooms, kennysheep_generic_room_7
D:3:      layout_basic, uniq_grinder

Skill      XL: |  1  2  3 |
---------------+----------+-----
Dodging        | 3 |  3.1
Fighting       | 3 |  3.2
Unarmed Combat | |  3.6

Action                   |  1- 3 |  4- 6 || total
-------------------------+-------+-------++-------
Melee: Unarmed           |    33 |     9 ||    42
       Punch             |     2 |       ||     2
Armor: Animal skin       |    18 |     6 ||    24
Dodge: Dodged            |    30 |     2 ||    32

Table legend: (Time is in decaauts)
 A = Elapsed time spent in this place.
 B = Non-inter-level travel time spent in this place.
 C = Inter-level travel time spent in this place.
 D = Time resting spent in this place.
 E = Time spent auto-exploring this place.
 F = Levels seen in this place.
 G = Mean time per level.
                   A        B        C        D        E       F      G
               +--------+--------+--------+--------+--------+-----+--------+
         Total |    433 |    433 |      0 |    117 |    168 |   3 |  144.3 |
       Dungeon |    433 |    433 |      0 |    117 |    168 |   3 |  144.3 |
               +--------+--------+--------+--------+--------+-----+--------+

Top non-repeatable levels by time:
     D:3: 348 daAuts
     D:2: 62 daAuts
     D:1: 22 daAuts
